 Dungeon Crawl Stone Soup version 0.32-a0-18-g89e19f1974 (webtiles) character file.

Game seed: 7875767838387185476

971 BigPumpCobain the Chopper (level 7, -3/94 HPs)
             Began as a Minotaur Berserker on Jan 16, 2024.
             Was a Priest of Trog.
             Slain by a killer bee (4 damage)
             ... on level 6 of the Dungeon.
             The game lasted 00:06:26 (3846 turns).

BigPumpCobain the Chopper (Minotaur Berserker)      Turns: 3846, Time: 00:06:27

Health: -3/94      AC: 10    Str: 23    XL:     7   Next: 94%
Magic:  6/6        EV: 11    Int:  4    God:    Trog [***...]
Gold:   359        SH:  0    Dex: 10    Spells: 6/6 levels left

rFire   . . .        t - +1 broad axe
rCold   . . .        (no shield)
rNeg    . . .        g - +0 scale mail
rPois   .            (helmet restricted)
rElec   .            f - +0 cloak
rCorr   .            j - +1 pair of gloves
SInv    .            (no boots)
Will    ++...        o - amulet of regeneration Stlth
                     (no ring)
HPRegen 2.15/turn    (no ring)
MPRegen 0.10/turn

%: no passive effects
@: berserking (expiring), lethally poisoned (-3 -> -3), strong-willed,
regenerating, very quick
A: horns 2, retaliatory headbutt
a: Renounce Religion, Berserk, Trog's Hand


You were on level 6 of the Dungeon.
You worshipped Trog.
Trog was most pleased with you.
You visited 1 branch of the dungeon, and saw 6 of its levels.

You collected 359 gold pieces.

Inventory:

Hand Weapons
 a - a +0 hand axe of electrocution
 t - a +1 broad axe (weapon)
Missiles
 r - 10 poisoned darts (quivered)
Armour
 f - a +0 cloak (worn)
 g - a +0 scale mail (worn)
 j - a +1 pair of gloves (worn)
Jewellery
 i - a ring of fire
 o - an amulet of regeneration (around neck)
Wands
 p - a wand of flame (13)
Scrolls
 b - 3 scrolls of teleportation
 k - 2 scrolls of fog
 n - 2 scrolls of immolation
 v - a scroll of vulnerability {unknown}
 w - a scroll of torment
 x - a scroll of revelation {unknown}
Potions
 c - 6 potions of curing
 d - 2 potions of attraction {unknown}
 e - 2 potions of lignification {unknown}
 h - a potion of degeneration {unknown}
 l - 2 potions of cancellation {unknown}
 m - a potion of brilliance {unknown}
 q - a potion of haste {unknown}
 s - 2 potions of mutation {unknown}
 u - a potion of magic {unknown}


   Skills:
 + Level 6.0 Fighting
 * Level 7.8 Axes
 + Level 5.4 Armour
 + Level 4.9 Dodging


You had 6 spell levels left.
You didn't know any spells.
Your spell library was empty.

Dungeon Overview and Level Annotations

Branches:
Dungeon (6/15)             Temple (0/1) D:6

Altars:

Shops:
D:4 **   D:5 *


Innate Abilities, Weirdness & Mutations

You have a pair of horns on your head.
You reflexively headbutt those who attack you in melee.


Message History

The killer bee stings you but does no damage.
You barely miss the killer bee.
You feel sick. The killer bee closely misses you. You furiously retaliate!
You headbutt the killer bee! You miss the killer bee.
The killer bee is almost dead.
You feel sick. The killer bee stings you.
* * * LOW HITPOINT WARNING * * *
You are more poisoned.
The killer bee poisons you! The killer bee barely misses you.
You closely miss the killer bee.
The killer bee is almost dead.
You feel very sick.
The killer bee barely misses you. x2; You furiously retaliate!
You headbutt the killer bee.
You kill the killer bee!
Trog accepts your kill.
You feel sick. The killer bee stings you!
* * * LOW HITPOINT WARNING * * *
You are more poisoned.
The killer bee poisons you!
You see here a killer bee corpse.
You barely miss the killer bee.
You feel very sick.
The killer bee stings you but does no damage.
The killer bee stings you!
* * * LOW HITPOINT WARNING * * *
You miss the killer bee. Your headbutt misses the killer bee.
* * * LOW HITPOINT WARNING * * *
You feel very sick. The killer bee barely misses you.
The killer bee stings you but does no damage.
You barely miss the killer bee.
* * * LOW HITPOINT WARNING * * *
You feel very sick. The killer bee barely misses you.
You are too berserk!
You miss the killer bee.
You feel sick. The killer bee closely misses you. The killer bee stings you.
You die...

## #.# ##########.# ##
..........###.# #
...........#.# #########.#
#########.#.######..........
# #............@y..........
# #.####.#.######....####.#
# #.# #....#.......†......
####.####......###....####..
......[........# #.####
.....####.....## #.# ..####
##...## #.# #.# ..# ##...##
#.# #.# ..#######.....## #.#
###.#


You could see a killer bee.

Vanquished Creatures
  2 ice beasts
  An ogre (D:5)
  A kobold brigand (D:3)
  A scorpion (D:5)
  2 killer bees (D:6)
  An orc priest (D:3)
  A bombardier beetle (D:6)
  3 hounds (D:5)
  2 orc wizards (D:3)
  A sleepcap (D:6)
  3 iguanas
  7 adders
  8 dart slugs
  17 orcs
  4 ball pythons
  5 endoplasms
  2 giant cockroaches
  8 goblins
  5 hobgoblins
  10 jackals
  3 quokkas
  7 bats
  3 frilled lizards (D:3)
  16 kobolds
  3 rats (D:1)
116 creatures vanquished.

Notes
Turn   | Place    | Note
-------+----------+-------------------------------------------
     0 | D:1      | BigPumpCobain the Minotaur Berserker began the quest for
                  | the Orb.
     0 | D:1      | Reached XP level 1. HP: 19/19 MP: 0/0
    80 | D:1      | Reached XP level 2. HP: 27/27 MP: 1/1
    82 | D:1      | Reached skill level 4 in Axes
   321 | D:1      | Reached XP level 3. HP: 31/33 MP: 2/2
   409 | D:1      | Reached ** piety under Trog
  1245 | D:2      | Reached XP level 4. HP: 40/40 MP: 3/3
  1857 | D:3      | Noticed a kobold brigand
  1905 | D:3      | Reached skill level 5 in Axes
  1914 | D:3      | Reached XP level 5. HP: 42/47 MP: 4/4
  2063 | D:3      | Reached XP level 6. HP: 55/55 MP: 5/5
  2069 | D:3      | You fall into a shaft and drop 2 floors!
  2069 | D:5      | Entered Level 5 of the Dungeon
  2344 | D:4      | Reached skill level 6 in Axes
  2387 | D:4      | Found Kilien's General Store.
  2390 | D:4      | Found Axeb's Specific Store.
  2420 | D:4      | Reached *** piety under Trog
  2434 | D:4      | Noticed an ice beast
  2448 | D:4      | Killed an ice beast
  2449 | D:4      | Reached skill level 5 in Fighting
  2824 | D:5      | Found Tebbacor's Fire Supplies.
  2879 | D:5      | Identified the +0 dagger "Jecinaol" {vamp, rPois}
  2910 | D:5      | Reached XP level 7. HP: 61/61 MP: 6/6
  3245 | D:5      | Reached skill level 7 in Axes
  3592 | D:6      | Reached skill level 5 in Armour
  3641 | D:6      | Found a staircase to the Ecumenical Temple.
  3844 | D:6      | HP: 3/94 [poisoned by a killer bee]
  3846 | D:6      | HP: 1/94 [poisoned by a killer bee]
  3846 | D:6      | Slain by a killer bee

Illustrated notes

Levels and vault maps discovered:
D:1:      dpeg_arrival_houses_and_road, layout_basic, palyth_stone_intersect,
          minmay_tripent
D:2:      layout_basic
D:3:      cheibrodos_thug_alley, layout_rooms
D:4:      layout_rooms, nicolae_specific_store
D:5:      layout_loops_ring, nicolae_shop_fire_sale [nicolae_sub_dead_trees],
          minmay_misc_feat_hallway, solitary_fountain
D:6:      layout_loops_ring, minmay_temple_entry_glass, chequers_avenue

Skill      XL: |  1  2  3  4  5  6  7 |
---------------+----------------------+-----
Axes           | 4 5 6 7 |  7.8
Fighting       | 4 5 6 |  6.0
Armour         | 3 4 5 |  5.4
Dodging        | 3 4 |  4.9

Action                     |  1- 3 |  4- 6 |  7- 9 || total
---------------------------+-------+-------+-------++-------
  Melee: Hand axe          |    66 |    69 |       ||   135
         Headbutt          |    10 |    15 |    10 ||    35
         Punch             |     2 |       |     1 ||     3
         Broad axe         |       |    43 |    45 ||    88
 Invoke: Berserk           |       |       |     1 ||     1
         Trog's Hand       |       |       |     1 ||     1
    Use: Scroll            |       |     9 |     1 ||    10
 Armour: Animal skin       |    33 |       |       ||    33
         Ring mail         |     2 |    76 |     6 ||    84
         Scale mail        |       |       |    33 ||    33
  Dodge: Dodged            |    39 |    54 |    23 ||   116

Table legend: (Time is in decaauts)
 A = Elapsed time spent in this place.
 B = Non-inter-level travel time spent in this place.
 C = Inter-level travel time spent in this place.
 D = Time resting spent in this place.
 E = Time spent auto-exploring this place.
 F = Levels seen in this place.
 G = Mean time per level.
                   A        B        C        D        E       F      G
               +--------+--------+--------+--------+--------+-----+--------+
         Total |   3877 |   3629 |    248 |      0 |   2937 |   6 |  646.2 |
       Dungeon |   3877 |   3629 |    248 |      0 |   2937 |   6 |  646.2 |
               +--------+--------+--------+--------+--------+-----+--------+

Top non-repeatable levels by time:
     D:2: 907 daAuts
     D:1: 762 daAuts
     D:5: 753 daAuts
     D:3: 701 daAuts
     D:4: 427 daAuts
     D:6: 325 daAuts
